EL
PORTLAND SEA DOGS @ MONTGOMERY BISCUITS
07/14/2044
 
TOP OF THE 1ST
Portland Sea Dogs batting - Pitching for Montgomery Biscuits : RHP Steve Barrett
Pitching: RHP Steve Barrett
Batting: LHB Julian Toney 0-0: Foul Ball, location: 2F
0-1: Foul Ball, location: 2F
0-2: Ball
1-2: Foul Ball, location: 2F
1-2: Strikes out swinging
Batting: RHB Nate Dickinson 0-0: Called Strike
0-1: Ground out 6-3 (Groundball, 6, EV 86.9 MPH)
Batting: LHB Brent Albertson 0-0: Ball
1-0: Ball
2-0: Ball
3-0: Base on Balls
Batting: RHB Neil Mautone 0-0: Ball
1-0: Called Strike
Brent Albertson steals 2nd base
1-1: Ball
2-1: Reached on error, E6 (Groundball, 6, EV 85.0 MPH)
Brent Albertson scores
Batting: RHB Carlos Nolasco 0-0: Fly out, F9 (Flyball, 9D, EV 102.5 MPH)
Top of the 1st over - 1 run, 0 hits, 1 error, 1 left on base; Portland 1 - Montgomery 0
BOTTOM OF THE 1ST
Montgomery Biscuits batting - Pitching for Portland Sea Dogs : LHP Francisco Lucero
Pitching: LHP Francisco Lucero
Batting: LHB Davion Lewis 0-0: Fly out, F7 (Flyball, 78XD, EV 98.1 MPH)
Batting: RHB Steve French 0-0: Ball
1-0: Foul Ball, location: 2F
1-1: Fly out, F9 (Flyball, 9S, EV 94.4 MPH)
Batting: RHB Wing-kit Bu 0-0: Ball
1-0: Called Strike
1-1: SINGLE (Groundball, 6S, EV 65.6 MPH) (infield hit)
Batting: SHB Willie Koviak 0-0: Ball
Wing-kit Bu steals 2nd, throwing error, E2
Wing-kit Bu to third
1-0: Ball
2-0: Ball
3-0: Base on Balls
Batting: RHB Devin Brown 0-0: Swinging Strike
0-1: Fly out, F9 (Flyball, 9S, EV 75.0 MPH)
Bottom of the 1st over - 0 runs, 1 hit, 1 error, 2 left on base; Portland 1 - Montgomery 0
TOP OF THE 2ND
Portland Sea Dogs batting - Pitching for Montgomery Biscuits : RHP Steve Barrett
Batting: LHB Alex Mendoza 0-0: Ball
1-0: Called Strike
1-1: Foul Ball, location: 2F
1-2: Foul Ball, location: 2F
1-2: Ball
2-2: Strikes out looking
Batting: LHB Dave Reyes 0-0: Ground out 5-3 (Groundball, 25, EV 69.4 MPH)
Batting: RHB Rogelio Losano 0-0: Called Strike
0-1: TRIPLE (Line Drive, 9D, EV 107.5 MPH)
Batting: LHB Arcot Ramathorn 0-0: Ground out 4-3 (Groundball, 34, EV 108.1 MPH)
Top of the 2nd over - 0 runs, 1 hit, 0 errors, 1 left on base; Portland 1 - Montgomery 0
BOTTOM OF THE 2ND
Montgomery Biscuits batting - Pitching for Portland Sea Dogs : LHP Francisco Lucero
Batting: SHB Brett McEwen 0-0: Swinging Strike
0-1: SINGLE (Groundball, 34D, EV 104.4 MPH)
Batting: LHB Barnabé Metrass 0-0: Ball
1-0: Ball
2-0: Ball
3-0: Base on Balls
Brett McEwen to second
Batting: RHB Sczlopy Hed 0-0: Ball
1-0: Ball
2-0: Called Strike
2-1: Ball
3-1: Base on Balls
Brett McEwen to third
Barnabé Metrass to second
Batting: RHB Mick Corrigan 0-0: Called Strike
0-1: Grounds into double play, 3-6-3 (Groundball, 34S, EV 83.1 MPH)
Brett McEwen scores
Barnabé Metrass to third
Batting: LHB Davion Lewis 0-0: Called Strike
0-1: Ground out U3 (Groundball, 3, EV 106.3 MPH)
Bottom of the 2nd over - 1 run, 1 hit, 0 errors, 1 left on base; Portland 1 - Montgomery 1
TOP OF THE 3RD
Portland Sea Dogs batting - Pitching for Montgomery Biscuits : RHP Steve Barrett
Batting: LHB Julian Toney 0-0: Ball
1-0: Ground out 4-3 (Groundball, 34, EV 97.5 MPH)
Batting: RHB Nate Dickinson 0-0: SINGLE (Groundball, 4MS, EV 68.8 MPH) (infield hit)
Batting: LHB Brent Albertson 0-0: Ball
1-0: Fly out, F8 (Flyball, 8LD, EV 106.9 MPH)
Batting: RHB Neil Mautone 0-0: Called Strike
0-1: Ball
1-1: Ball
2-1: Called Strike
2-2: SINGLE (Line Drive, 9S, EV 96.9 MPH)
Nate Dickinson to second
Nate Dickinson to third
Batting: RHB Carlos Nolasco 0-0: Foul Ball, location: 2F
0-1: Called Strike
0-2: 3-RUN HOME RUN (Flyball, 7D, EV 99.4 MPH), Distance : 405 ft
Batting: LHB Alex Mendoza 0-0: Called Strike
0-1: Ball
1-1: Ball
2-1: Called Strike
2-2: Foul Ball, location: 2F
2-2: Foul Ball, location: 2F
2-2: Ground out 4-3 (Groundball, 4D, EV 101.3 MPH)
Top of the 3rd over - 3 runs, 3 hits, 0 errors, 0 left on base; Portland 4 - Montgomery 1
BOTTOM OF THE 3RD
Montgomery Biscuits batting - Pitching for Portland Sea Dogs : LHP Francisco Lucero
Batting: RHB Steve French 0-0: Foul Ball, location: 2F
0-1: Ball
1-1: Ball
2-1: Ball
3-1: Base on Balls
Batting: RHB Wing-kit Bu 0-0: Ball
1-0: Ball
2-0: Ball
3-0: Base on Balls
Steve French to second
Batting: SHB Willie Koviak 0-0: Ball
1-0: Foul Ball, location: 2F
1-1: Ball
2-1: Ball
3-1: Foul Ball, location: 2F
3-2: TRIPLE (Line Drive, 89XD, EV 103.8 MPH)
Steve French scores
Wing-kit Bu scores
Batting: RHB Devin Brown 0-0: Foul Ball, location: 2F
0-1: Ball
1-1: Swinging Strike
1-2: Ball
2-2: Ball
3-2: Foul Ball, location: 2F
3-2: Foul Ball, location: 2F
3-2: Base on Balls
Batting: SHB Brett McEwen 0-0: Foul Ball, location: 2F
0-1: Ball
1-1: Ball
2-1: Fly out, F7 (Flyball, 78S, EV 95.6 MPH)
Batting: LHB Barnabé Metrass 0-0: Ball
1-0: Called Strike
1-1: Swinging Strike
1-2: Ball
2-2: Strikes out swinging
Batting: RHB Sczlopy Hed 0-0: Ball
1-0: Foul Ball, location: 2F
1-1: Ball
2-1: Swinging Strike
2-2: SINGLE (Groundball, 15, EV 87.5 MPH) (infield hit)
Willie Koviak scores
Devin Brown to second
Batting: RHB Mick Corrigan 0-0: Called Strike
0-1: Called Strike
0-2: Ball
1-2: Ball
2-2: Ball
3-2: Foul Ball, location: 2F
3-2: Base on Balls
Devin Brown to third
Sczlopy Hed to second
Batting: LHB Davion Lewis 0-0: Called Strike
0-1: Ball
1-1: Ground out 5-3 (Groundball, 56S, EV 83.1 MPH)
Bottom of the 3rd over - 3 runs, 2 hits, 0 errors, 3 left on base; Portland 4 - Montgomery 4
TOP OF THE 4TH
Portland Sea Dogs batting - Pitching for Montgomery Biscuits : RHP Steve Barrett
Batting: LHB Dave Reyes 0-0: Ball
1-0: Ball
2-0: Called Strike
2-1: Foul Ball, location: 2F
2-2: Foul Ball, location: 2F
2-2: Strikes out swinging
Batting: RHB Rogelio Losano 0-0: Swinging Strike
0-1: Ball
1-1: Foul Ball, location: 2F
1-2: Ball
2-2: Ball
3-2: Foul Ball, location: 2F
3-2: Foul Ball, location: 2F
3-2: Ground out U3 (Groundball, 3S, EV 63.1 MPH)
Batting: LHB Arcot Ramathorn 0-0: Ball
1-0: Foul Ball, location: 2F
1-1: DOUBLE (Flyball, 8LXD, EV 103.8 MPH)
Batting: LHB Julian Toney 0-0: Swinging Strike
0-1: Ball
1-1: Ball
2-1: Ground out 1-3 (Groundball, 13S, EV 65.6 MPH)
Top of the 4th over - 0 runs, 1 hit, 0 errors, 1 left on base; Portland 4 - Montgomery 4
BOTTOM OF THE 4TH
Montgomery Biscuits batting - Pitching for Portland Sea Dogs : LHP Francisco Lucero
Batting: RHB Steve French 0-0: Swinging Strike
0-1: Ball
1-1: Ball
2-1: SINGLE (Groundball, 56D, EV 109.4 MPH)
Batting: RHB Wing-kit Bu 0-0: Called Strike
0-1: Foul Ball, location: 2F
0-2: Ball
1-2: Fielders Choice at 2nd, 6-4 (Groundball, 6, EV 100.6 MPH)
Batting: SHB Willie Koviak 0-0: Ball
1-0: Called Strike
1-1: Foul Ball, location: 2F
1-2: Ball
2-2: Foul Ball, location: 2F
2-2: Foul Ball, location: 2F
2-2: Fly out, F9 (Flyball, 89D, EV 103.1 MPH)
Batting: RHB Devin Brown 0-0: Ball
1-0: Foul Ball, location: 2F
1-1: Called Strike
1-2: Ground out 4-3 (Groundball, 34, EV 100.0 MPH)
Bottom of the 4th over - 0 runs, 1 hit, 0 errors, 1 left on base; Portland 4 - Montgomery 4
TOP OF THE 5TH
Portland Sea Dogs batting - Pitching for Montgomery Biscuits : RHP Steve Barrett
Batting: RHB Nate Dickinson 0-0: Called Strike
0-1: Called Strike
0-2: Ball
1-2: Ball
2-2: Strikes out swinging
Batting: LHB Brent Albertson 0-0: Ball
1-0: Ball
2-0: Ground out 6-3 (Groundball, 56D, EV 87.5 MPH)
Batting: RHB Neil Mautone 0-0: Ground out U3 (Groundball, 34, EV 108.8 MPH)
Top of the 5th over - 0 runs, 0 hits, 0 errors, 0 left on base; Portland 4 - Montgomery 4
BOTTOM OF THE 5TH
Montgomery Biscuits batting - Pitching for Portland Sea Dogs : LHP Francisco Lucero
Batting: SHB Brett McEwen 0-0: Ball
1-0: Ball
2-0: Called Strike
2-1: Foul Ball, location: 2F
2-2: Ball
3-2: Base on Balls
Pitching: LHP Josh Taylor
Batting: LHB Barnabé Metrass 0-0: Foul Ball, location: 2F
0-1: Ball
1-1: Ball
2-1: Ball
3-1: Base on Balls
Brett McEwen to second
Batting: RHB Sczlopy Hed 0-0: Ball
1-0: Foul Ball, location: 2F
1-1: Foul Ball, location: 2F
1-2: Fly out, F4 (Flyball, 34D, EV 86.3 MPH)
Batting: RHB Mick Corrigan 0-0: Ball
1-0: Ball
2-0: Swinging Strike
2-1: Fly out, F8 (Flyball, 8LM, EV 81.3 MPH)
Batting: LHB Davion Lewis 0-0: DOUBLE (Flyball, 8LXD, EV 86.9 MPH)
Brett McEwen scores
Barnabé Metrass to third
Batting: RHB Steve French 0-0: Ball
1-0: Ball
2-0: Foul Ball, location: 2F
2-1: Foul Ball, location: 2F
2-2: Hit by Pitch
Batting: RHB Wing-kit Bu 0-0: Ball
1-0: Ball
2-0: Called Strike
2-1: Foul Ball, location: 2F
2-2: Foul Ball, location: 2F
2-2: Strikes out swinging
Bottom of the 5th over - 1 run, 1 hit, 0 errors, 3 left on base; Portland 4 - Montgomery 5
TOP OF THE 6TH
Portland Sea Dogs batting - Pitching for Montgomery Biscuits : RHP Steve Barrett
Batting: RHB Carlos Nolasco 0-0: Foul Ball, location: 2F
0-1: Ball
1-1: Foul Ball, location: 2F
1-2: Strikes out swinging
Batting: LHB Alex Mendoza 0-0: Foul Ball, location: 2F
0-1: Ball
1-1: Ball
2-1: Foul Ball, location: 2F
2-2: Ground out 4-3 (Groundball, 4, EV 87.5 MPH)
Batting: LHB Dave Reyes 0-0: Ball
1-0: Ball
2-0: Called Strike
2-1: Fly out, F4 (Flyball, 3D, EV 75.0 MPH)
Top of the 6th over - 0 runs, 0 hits, 0 errors, 0 left on base; Portland 4 - Montgomery 5
BOTTOM OF THE 6TH
Montgomery Biscuits batting - Pitching for Portland Sea Dogs : LHP Josh Taylor
Pitching: LHP Danny Schneible
Batting: SHB Willie Koviak 0-0: Ball
1-0: Called Strike
1-1: Ball
2-1: Foul Ball, location: 2F
2-2: Strikes out swinging
Batting: RHB Devin Brown 0-0: Swinging Strike
0-1: Ball
1-1: Foul Ball, location: 2F
1-2: Ground out 4-3 (Groundball, 4S, EV 66.9 MPH)
Batting: SHB Brett McEwen 0-0: Called Strike
0-1: Ball
1-1: Fly out, F9 (Flyball, 9, EV 91.3 MPH)
Bottom of the 6th over - 0 runs, 0 hits, 0 errors, 0 left on base; Portland 4 - Montgomery 5
TOP OF THE 7TH
Portland Sea Dogs batting - Pitching for Montgomery Biscuits : RHP Steve Barrett
Batting: RHB Rogelio Losano 0-0: Ball
1-0: Swinging Strike
1-1: SINGLE (Groundball, 34D, EV 102.5 MPH)
Batting: LHB Arcot Ramathorn 0-0: Foul Ball, location: 2F
0-1: Ball
1-1: Fly out, F9 (Flyball, 9S, EV 94.4 MPH)
Batting: LHB Julian Toney 0-0: Called Strike
Rogelio Losano steals 2nd base
0-1: DOUBLE (Line Drive, 89M, EV 108.8 MPH)
Rogelio Losano scores
Pitching: RHP Miguel Romero
Batting: RHB Nate Dickinson 0-0: Ball
1-0: Ball
2-0: Called Strike
2-1: Ball
3-1: Fly out, F8 (Flyball, 8RD, EV 95.6 MPH)
Batting: LHB Brent Albertson 0-0: Foul Ball, location: 2F
0-1: Fly out, F8 (Flyball, 89D, EV 100.0 MPH)
Top of the 7th over - 1 run, 2 hits, 0 errors, 1 left on base; Portland 5 - Montgomery 5
BOTTOM OF THE 7TH
Montgomery Biscuits batting - Pitching for Portland Sea Dogs : LHP Danny Schneible
Pitching: RHP Pedro Torres
Batting: LHB Barnabé Metrass 0-0: Swinging Strike
0-1: Ball
1-1: Foul Ball, location: 2F
1-2: Strikes out swinging
Batting: RHB Sczlopy Hed 0-0: Ground out 6-3 (Groundball, 6, EV 89.4 MPH)
Batting: RHB Mick Corrigan 0-0: Called Strike
0-1: Ball
1-1: Ground out 6-3 (Groundball, 6, EV 85.6 MPH)
Bottom of the 7th over - 0 runs, 0 hits, 0 errors, 0 left on base; Portland 5 - Montgomery 5
TOP OF THE 8TH
Portland Sea Dogs batting - Pitching for Montgomery Biscuits : RHP Miguel Romero
Batting: RHB Neil Mautone 0-0: Called Strike
0-1: Foul Ball, location: 2F
0-2: Ball
1-2: Ball
2-2: SINGLE (Groundball, 34D, EV 98.1 MPH)
Pinch Hitting: LHB Parker Lowe 0-0: Ball
1-0: Ball
2-0: Called Strike
2-1: Ball
3-1: Base on Balls
Neil Mautone to second
Batting: LHB Alex Mendoza 0-0: Foul Ball, location: 2F
0-1: Swinging Strike
0-2: Ball
1-2: Foul Ball, location: 2F
1-2: Fielders Choice at 2nd, 6-4 (Groundball, 6M, EV 86.9 MPH)
Neil Mautone to third
Batting: LHB Dave Reyes 0-0: Called Strike
0-1: Foul Ball, location: 2F
0-2: Foul Ball, location: 2F
0-2: Foul Ball, location: 2F
0-2: Ball
1-2: Ground out 4-3 (Groundball, 4, EV 81.3 MPH)
Alex Mendoza to second
Batting: RHB Rogelio Losano 0-0: Swinging Strike
0-1: Ball
1-1: Ball
2-1: Ball
3-1: Foul Ball, location: 2F
3-2: Base on Balls
Batting: LHB Arcot Ramathorn 0-0: Ball
1-0: Called Strike
1-1: Ball
2-1: Called Strike
2-2: Ball
3-2: Foul Ball, location: 2F
3-2: Foul Ball, location: 2F
3-2: Foul Ball, location: 2F
3-2: Strikes out looking
Top of the 8th over - 0 runs, 1 hit, 0 errors, 3 left on base; Portland 5 - Montgomery 5
BOTTOM OF THE 8TH
Montgomery Biscuits batting - Pitching for Portland Sea Dogs : RHP Pedro Torres
Pitching: RHP Dakota McAdam
Now at 3B: Trent Hood
Batting: LHB Davion Lewis 0-0: Ball
1-0: Ball
2-0: Called Strike
2-1: Ground out 4-3 (Groundball, 4, EV 92.5 MPH)
Pitching: RHP Billy Fitzgerald
Batting: RHB Steve French 0-0: Ball
1-0: Ball
2-0: Foul Ball, location: 2F
2-1: Foul Ball, location: 2F
2-2: Ground out 6-3 (Groundball, 6MD, EV 88.1 MPH)
Batting: RHB Wing-kit Bu 0-0: Ball
1-0: Foul Ball, location: 2F
1-1: Ball
2-1: Foul Ball, location: 2F
2-2: Ball
3-2: Foul Ball, location: 2F
3-2: Foul Ball, location: 2F
3-2: SINGLE (Line Drive, 9S, EV 110.6 MPH)
Batting: SHB Willie Koviak 0-0: Ball
Wing-kit Bu steals 2nd base
1-0: Ball
2-0: Called Strike
2-1: Ball
3-1: Fly out, F4 (Flyball, 34D, EV 91.3 MPH)
Bottom of the 8th over - 0 runs, 1 hit, 0 errors, 1 left on base; Portland 5 - Montgomery 5
TOP OF THE 9TH
Portland Sea Dogs batting - Pitching for Montgomery Biscuits : RHP Miguel Romero
Pitching: LHP Sam Wesman
Batting: RHB Chris Carlin 0-0: Called Strike
0-1: Ball
1-1: Swinging Strike
1-2: Foul Ball, location: 2F
1-2: Ball
2-2: Ground out 6-3 (Groundball, 6, EV 98.1 MPH)
Batting: RHB Nate Dickinson 0-0: Ball
1-0: Called Strike
1-1: SOLO HOME RUN (Line Drive, 8RXD, EV 110.6 MPH), Distance : 439 ft
Batting: LHB Brent Albertson 0-0: Ball
1-0: Called Strike
1-1: Reached on error, E7 (Flyball, 7, EV 88.1 MPH)
Batting: RHB Neil Mautone 0-0: Foul Ball, location: 2F
0-1: Called Strike
0-2: Ball
1-2: Strikes out looking
Batting: RHB Trent Hood 0-0: Swinging Strike
0-1: Ball
1-1: Foul Ball, location: 2F
1-2: Strikes out swinging
Top of the 9th over - 1 run, 1 hit, 1 error, 1 left on base; Portland 6 - Montgomery 5
BOTTOM OF THE 9TH
Montgomery Biscuits batting - Pitching for Portland Sea Dogs : RHP Billy Fitzgerald
Pitching: RHP Michael Vazquez
Pinch Hitting: LHB David Seminario 0-0: Ball
1-0: Called Strike
1-1: Foul Ball, location: 2F
1-2: Fly out, F7 (Flyball, 7, EV 82.5 MPH)
Batting: SHB Brett McEwen 0-0: Called Strike
0-1: Foul Ball, location: 2F
0-2: Ball
1-2: Ball
2-2: SINGLE (Flyball, 9LS, EV 100.0 MPH)
Batting: LHB Barnabé Metrass 0-0: Swinging Strike
0-1: Foul Ball, location: 2F
0-2: Ball
1-2: Foul Ball, location: 2F
1-2: Ball
2-2: Strikes out swinging
Batting: RHB Sczlopy Hed 0-0: Called Strike
0-1: Ball
1-1: Foul Ball, location: 2F
1-2: Foul Ball, location: 2F
1-2: Foul Ball, location: 2F
1-2: DOUBLE (Line Drive, 5D, EV 95.0 MPH)
Brett McEwen to third
Runner from 3rd tries for Home, SAFE, throw by LF to trailing runner, OUT at third! 7-3-5
Bottom of the 9th over - 1 run, 2 hits, 0 errors, 0 left on base; Portland 6 - Montgomery 6
TOP OF THE 10TH
Portland Sea Dogs batting - Pitching for Montgomery Biscuits : LHP Sam Wesman
Now at 3B: David Seminario
Pinch Hitting: RHB Sean Lee 0-0: Ball
1-0: Ball
2-0: Foul Ball, location: 2F
2-1: Foul Ball, location: 2F
2-2: Foul Ball, location: 2F
2-2: Ball
3-2: SINGLE (Line Drive, 9LS, EV 93.1 MPH)
Pitching: RHP Josh Heath
Batting: LHB Dave Reyes 0-0: Bunt missed!
0-1: Bunt missed!
0-2: Ball
1-2: Foul Ball, location: 2F
1-2: Foul Ball, location: 2F
1-2: Foul Ball, location: 2F
1-2: Ball
2-2: Ball
3-2: Foul Ball, location: 2F
3-2: Base on Balls
Sean Lee to second
Batting: RHB Rogelio Losano 0-0: Ball
1-0: Bunted foul
1-1: Bunt - Flyout to 23! F3
Batting: LHB Arcot Ramathorn 0-0: Ball
1-0: Ball
2-0: Called Strike
2-1: Swinging Strike
2-2: Strikes out swinging
Batting: RHB Chris Carlin 0-0: Called Strike
0-1: Swinging Strike
0-2: Ball
1-2: Ball
2-2: Fly out, F7 (Line Drive, 7, EV 85.6 MPH)
Top of the 10th over - 0 runs, 1 hit, 0 errors, 2 left on base; Portland 6 - Montgomery 6
BOTTOM OF THE 10TH
Montgomery Biscuits batting - Pitching for Portland Sea Dogs : RHP Michael Vazquez
Now at 1B: Sean Lee
Batting: RHB Mick Corrigan 0-0: Called Strike
0-1: Ball
1-1: Swinging Strike
1-2: Foul Ball, location: 2F
1-2: Ball
2-2: Ball
3-2: Foul Ball, location: 2F
3-2: Foul Ball, location: 2F
3-2: Foul Ball, location: 2F
3-2: SINGLE (Groundball, 6MD, EV 95.0 MPH)
Batting: LHB Davion Lewis 0-0: Sac Bunt to 25 - play at first, batter OUT! 5-4
Mick Corrigan to second
Batting: RHB Steve French 0-0: Intentional Walk
Batting: RHB Wing-kit Bu 0-0: Foul Ball, location: 2F
0-1: Ball
1-1: Ball
2-1: Fly out, F4 (Flyball, 4D, EV 88.8 MPH)
Batting: SHB Willie Koviak 0-0: Called Strike
0-1: Swinging Strike
0-2: Ball
1-2: Ball
2-2: Strikes out swinging
Bottom of the 10th over - 0 runs, 1 hit, 0 errors, 2 left on base; Portland 6 - Montgomery 6
TOP OF THE 11TH
Portland Sea Dogs batting - Pitching for Montgomery Biscuits : RHP Josh Heath
Batting: RHB Nate Dickinson 0-0: Ball
1-0: Ball
2-0: Called Strike
2-1: Ball
3-1: Called Strike
3-2: Ground out 6-3 (Groundball, 6, EV 90.6 MPH)
Batting: LHB Brent Albertson 0-0: Called Strike
0-1: Foul Ball, location: 2F
0-2: Foul Ball, location: 2F
0-2: Strikes out swinging
Batting: RHB Neil Mautone 0-0: Ball
1-0: Swinging Strike
1-1: SINGLE (Flyball, 56D, EV 92.5 MPH)
Batting: RHB Trent Hood 0-0: Ball
1-0: Ball
2-0: Called Strike
2-1: Ball
3-1: Base on Balls
Neil Mautone to second
Pitching: RHP Francisco Reyes
Batting: RHB Sean Lee 0-0: Ball
1-0: Called Strike
1-1: Swinging Strike
1-2: Fielders Choice at 2nd, 6-4 (Groundball, 6, EV 103.8 MPH)
Top of the 11th over - 0 runs, 1 hit, 0 errors, 2 left on base; Portland 6 - Montgomery 6
BOTTOM OF THE 11TH
Montgomery Biscuits batting - Pitching for Portland Sea Dogs : RHP Michael Vazquez
Pitching: RHP Paul Carter
Batting: LHB David Seminario 0-0: Ball
1-0: Ball
2-0: Ball
3-0: Called Strike
3-1: Called Strike
3-2: SINGLE (Groundball, 4MD, EV 101.3 MPH)
Batting: SHB Brett McEwen 0-0: SINGLE (Groundball, 6S, EV 95.0 MPH)
David Seminario to second
Batting: LHB Barnabé Metrass 0-0: Ball
1-0: Foul Ball, location: 2F
1-1: Foul Ball, location: 2F
1-2: Ball
2-2: Foul Ball, location: 2F
2-2: Fly out, F6 (Flyball, 6MD, EV 90.0 MPH)
Batting: RHB Sczlopy Hed 0-0: Foul Ball, location: 2F
0-1: Ball
1-1: Foul Ball, location: 2F
1-2: Foul Ball, location: 2F
1-2: Hit by Pitch
David Seminario to third
Brett McEwen to second
Batting: RHB Mick Corrigan 0-0: Ball
1-0: Ball
2-0: Ball
3-0: Base on Balls
David Seminario scores
Brett McEwen to third
Sczlopy Hed to second
Bottom of the 11th over - 1 run, 2 hits, 0 errors, 0 left on base; Portland 6 - Montgomery 7
Game Over ... Montgomery defeats Portland, 7 to 6
Thursday, March 31st , 2022 - OOTP Baseball 22.12 Build 89